 Dungeon Crawl Stone Soup version 0.21.1-1-g345015fe64 (webtiles) character file.

14631 Htamos the Bludgeoner (level 11, -9/99 HPs)
             Began as a Minotaur Berserker on July 4, 2018.
             Was a High Priest of Trog.
             Killed from afar by Maurice (16 damage)
             ... with a wand of acid (7)
             ... on level 12 of the Dungeon.
             The game lasted 00:30:28 (9954 turns).

Htamos the Bludgeoner (Minotaur Berserker)          Turns: 9954, Time: 00:30:28

Health: -9/99      AC:  9    Str: 22    XL:     11   Next: 91%
Magic:  3/3        EV: 10    Int:  4    God:    Trog [*****.]
Gold:   745        SH:  0    Dex: 13    Spells: 10/10 levels left

rFire    . . .     SeeInvis +   h - +4 great mace (antimagic)
rCold    . . .     Gourm    .   (shield currently unavailable)
rNeg     . . .     Faith    .   n - +0 chain mail
rPois    .         Spirit   .   (helmet restricted)
rElec    .         Reflect  .   (no cloak)
rCorr    .         Harm     .   B - +2 pair of gloves
MR       +....                  g - +1 pair of boots
Stlth    ..........             (no amulet)
HPRegen  0.26/turn              s - ring of see invisible
MPRegen  0.08/turn              i - ring of protection from magic

@: corroded
A: retaliatory headbutt, horns 2
a: Berserk, Trog's Hand, Brothers in Arms, Burn Spellbooks, Renounce Religion


You were on level 12 of the Dungeon.
You worshipped Trog.
Trog was extremely pleased with you.
You were not hungry.

You visited 2 branches of the dungeon, and saw 13 of its levels.

You collected 745 gold pieces.

Inventory:

Hand Weapons
 a - a +0 mace
 h - a +4 antimagic great mace (weapon)
 p - a +2 mace of holy wrath
 q - a +0 mace of draining
 z - a +2 mace of protection
Missiles
 I - a throwing net (quivered)
Armour
 g - a +1 pair of boots (worn)
 n - a +0 chain mail (worn)
 o - the +4 hat of a sewer {*Slow rPois Regen+ Int+6}
   (You acquired it on level 9 of the Dungeon)

   It affects your intelligence (+6).
   It protects you from poison.
   It increases your rate of regeneration.
   It may slow you when you take damage.
 B - a +2 pair of gloves (worn)
Jewellery
 i - a ring of protection from magic (right hand)
 s - a ring of see invisible (left hand)
 w - an uncursed ring of protection from fire
Wands
 t - a wand of enslavement (29)
 y - a wand of disintegration (14)
 A - a wand of random effects (27)
 J - a wand of iceblast (7)
Scrolls
 b - 4 scrolls of teleportation
 d - 10 scrolls of remove curse
 j - 8 scrolls of amnesia
 l - 3 scrolls of identify
 x - a scroll of fog
 G - a scroll of immolation
 H - a scroll of enchant armour
Potions
 e - 3 potions of mutation
 f - a potion of lignification
 k - a potion of might
 m - a potion of magic
 r - a potion of brilliance
 u - 2 potions of agility
 v - 2 potions of haste
 C - a potion of heal wounds
 D - a potion of flight
 E - 2 potions of degeneration {unknown}
 F - 2 potions of curing {unknown}
Comestibles
 c - 22 rations


   Skills:
 + Level 9.8 Fighting
 * Level 17.4 Maces & Flails
 + Level 9.9 Armour
 + Level 5.0 Dodging


You had 10 spell levels left.
You didn't know any spells.

Dungeon Overview and Level Annotations

Branches:
Dungeon (12/15)            Temple (1/1) D:4            Lair (0/6) D:10
    Orc (0/2) D:9

Altars:
Ashenzari
Cheibriados
Fedhas
Gozag
Nemelex Xobeh
Qazlal
Ru
Trog
Vehumet
Xom
Yredelemnul
Zin
The Shining One

Annotations:
D:12 Josephine, Maurice


Innate Abilities, Weirdness & Mutations

You reflexively headbutt those who attack you in melee.
You have a pair of horns on your head.


Message History

Maurice gestures wildly while chanting.
Maurice flickers and vanishes for a moment.
You thump Maurice!
Maurice's magic leaks into the air.
You headbutt Maurice, but do no damage.
Maurice is almost dead.
Maurice zaps a wand.
The bolt of acid misses you.
You barely miss Maurice. Your headbutt misses Maurice.
Maurice is almost dead.
You closely miss Maurice. You headbutt Maurice, but do no damage.
Maurice is almost dead.
Maurice zaps a wand.
The bolt of acid hits you!
* * * LOW HITPOINT WARNING * * *
The acid corrodes you!
You are splashed with acid!
The acid burns!
* * * LOW HITPOINT WARNING * * *
You hit Maurice.
Maurice's magic leaks into the air.
Maurice is almost dead.
Maurice casts a spell.
Maurice looks slightly unstable.
Maurice zaps a wand.
The bolt of acid hits you!
You die...

# .#
########.##
#.........#
###.........#
............#
#...@@....#
#.........#
#.......(.#
#%........#
#....>....#
###########


You could see Maurice (invisible).

Vanquished Creatures
  6 two-headed ogres
  The ghost of zuik the Geomancer, a novice OpEE of Vehumet (D:9)
  The ghost of raetorn the Severer, a journeyman VSBe of Trog (D:11)
  An unseen horror (D:10)
  The ghost of Thargor the Shield-Bearer, a novice FoFi (D:5)
  A centaur zombie (D:8)
  A gargoyle (D:9)
  A merfolk (D:10)
  A hornet (D:8)
  3 hippogriffs
  Sigmund (D:2)
  A wraith (D:11)
  5 yaks (D:10)
  A wyvern (D:9)
  3 hungry ghosts
  A soldier ant (D:11)
  6 porcupines (D:10)
  3 phantoms
  2 sky beasts
  3 ice beasts
  An eye of draining (D:10)
  9 ogres
  3 centaurs
  3 crocodiles
  A big kobold (D:10)
  The ghost of Salt the Conjurer, an amateur DECj (D:3)
  7 bullfrogs
  4 elf skeletons (D:7)
  8 scorpions
  3 wights
  6 howler monkeys
  5 crimson imps
  4 jellies
  A quasit (D:9)
  2 orc wizards
  5 hounds
  Crazy Yiuf (D:2)
  A human skeleton (D:7)
  An orc priest (D:6)
  3 bullfrog zombies
  A human zombie (D:7)
  3 centaur skeletons
  Jessica (D:2)
  3 iguanas
  7 worker ants
  A killer bee zombie (D:8)
  A hound skeleton (D:4)
  Robin (D:1)
  9 adders
  2 oozes
  An adder zombie (D:7)
  3 worms
  2 dart slugs
  6 leopard geckos
  16 orcs
  5 ball pythons
  6 giant cockroaches
  20 goblins
  11 hobgoblins
  13 jackals
  6 quokkas
  9 bats
  4 frilled lizards
  16 kobolds
  A quokka skeleton (D:5)
  7 rats
  A fungus (D:10)
  2 plants (D:10)
270 creatures vanquished.

Vanquished Creatures (others)
  14 fungi (D:10)
  2 plants (D:10)
16 creatures vanquished.

Grand Total: 286 creatures vanquished

Notes
Turn   | Place    | Note
-------+----------+-------------------------------------------
     0 | D:1      | Htamos the Minotaur Berserker began the quest for the Orb.
     0 | D:1      | Reached XP level 1. HP: 19/19 MP: 0/0
    94 | D:1      | Reached XP level 2. HP: 14/27 MP: 1/1
   302 | D:1      | Reached skill level 4 in Maces & Flails
   365 | D:1      | Reached ** piety under Trog
   614 | D:1      | Reached XP level 3. HP: 28/33 MP: 2/2
   904 | D:2      | Noticed Robin
  1435 | D:1      | Killed Robin
  1435 | D:1      | Reached skill level 5 in Maces & Flails
  1435 | D:1      | Reached XP level 4. HP: 32/40 MP: 3/3
  1617 | D:2      | Noticed Sigmund
  1632 | D:2      | Killed Sigmund
  1632 | D:2      | Reached skill level 6 in Maces & Flails
  1632 | D:2      | Reached XP level 5. HP: 43/47 MP: 4/4
  1727 | D:2      | Reached *** piety under Trog
  1796 | D:2      | Found a snail-covered altar of Cheibriados.
  1982 | D:2      | Reached XP level 6. HP: 48/53 MP: 5/5
  2103 | D:2      | Noticed Jessica
  2109 | D:2      | Killed Jessica
  2308 | D:2      | Found a runed door.
  2313 | D:2      | Noticed Crazy Yiuf
  2317 | D:2      | Killed Crazy Yiuf
  2414 | D:3      | Reached skill level 7 in Maces & Flails
  2528 | D:3      | Noticed Salt's ghost (amateur DECj)
  2537 | D:3      | Killed Salt's ghost
  2927 | D:4      | Reached **** piety under Trog
  2975 | D:4      | Reached skill level 5 in Fighting
  2981 | D:4      | Found an opulent altar of Gozag.
  3080 | D:4      | Reached skill level 8 in Maces & Flails
  3080 | D:4      | Reached XP level 7. HP: 49/61 MP: 6/6
  3106 | D:4      | Found a staircase to the Ecumenical Temple.
  3113 | Temple   | Entered the Ecumenical Temple
  3269 | D:4      | Found a shimmering altar of Xom.
  3508 | D:4      | You fall through a shaft for 3 floors!
  3619 | D:5      | Entered Level 5 of the Dungeon
  3762 | D:5      | Reached skill level 9 in Maces & Flails
  4061 | D:5      | Noticed Thargor's ghost (novice FoFi)
  4089 | D:5      | Killed Thargor's ghost
  4089 | D:5      | Reached skill level 10 in Maces & Flails
  4089 | D:5      | Reached skill level 5 in Armour
  4089 | D:5      | Reached XP level 8. HP: 64/70 MP: 7/7
  4375 | D:5      | Found a stormy altar of Qazlal.
  4931 | D:6      | Found a sacrificial altar of Ru.
  4973 | D:6      | Reached skill level 11 in Maces & Flails
  5081 | D:7      | Reached XP level 9. HP: 75/78 MP: 8/8
  5137 | D:7      | Found a glowing silver altar of Zin.
  5147 | D:7      | Found a sparkling altar of Nemelex Xobeh.
  5157 | D:7      | Reached ***** piety under Trog
  5486 | D:8      | Reached skill level 12 in Maces & Flails
  5491 | D:8      | Noticed a two-headed ogre
  5493 | D:8      | Noticed a two-headed ogre
  5519 | D:7      | Killed a two-headed ogre
  5520 | D:7      | HP: 1/79 [scorpion (6)]
  6007 | D:7      | Received a gift from Trog
  6125 | D:7      | Reached skill level 13 in Maces & Flails
  6256 | D:7      | Reached XP level 10. HP: 73/88 MP: 3/9
  6330 | D:8      | Killed a two-headed ogre
  6515 | D:8      | Paralysed by a hornet for 2 turns
  6906 | D:8      | Noticed a two-headed ogre
  6915 | D:8      | Killed a two-headed ogre
  6915 | D:8      | Reached skill level 14 in Maces & Flails
  7300 | D:9      | Identified a scroll of acquirement
  7303 | D:9      | Got a polished hat
  7309 | D:9      | Identified the +4 hat of a sewer {*Slow rPois Regen+ Int+6} (You acquired it on level 9 of the Dungeon)
  7327 | D:9      | Noticed zuik's ghost (novice OpEE)
  7339 | D:9      | Killed zuik's ghost
  7339 | D:9      | Reached skill level 15 in Maces & Flails
  7629 | D:9      | Found a staircase to the Orcish Mines.
  7709 | D:9      | Found a shattered altar of Ashenzari.
  7716 | D:9      | Noticed a two-headed ogre
  7722 | D:9      | Killed a two-headed ogre
  7722 | D:9      | Reached XP level 11. HP: 90/95 MP: 3/10
  8076 | D:9      | Found a basalt altar of Yredelemnul.
  8236 | D:10     | Entered Level 10 of the Dungeon
  8320 | D:10     | Noticed a two-headed ogre
  8327 | D:10     | Killed a two-headed ogre
  8377 | D:9      | Reached skill level 16 in Maces & Flails
  8618 | D:10     | Noticed an unseen horror
  8629 | D:10     | Killed an unseen horror
  8677 | D:10     | Reached skill level 5 in Dodging
  8756 | D:10     | Found a staircase to the Lair.
  9226 | D:11     | Noticed a two-headed ogre
  9231 | D:11     | Killed a two-headed ogre
  9231 | D:11     | Reached skill level 17 in Maces & Flails
  9576 | D:11     | Noticed raetorn's ghost (journeyman VSBe)
  9581 | D:11     | Killed raetorn's ghost
  9832 | D:12     | Noticed Josephine
  9939 | D:12     | Noticed Maurice
  9954 | D:12     | Killed from afar by Maurice

Skill      XL: |  1  2  3  4  5  6  7  8  9 10 11 |
---------------+----------------------------------+-----
Fighting       | 4 5 6 7 8 9 |  9.8
Maces & Flails | 4 5 6 8 10 11 13 15 17 | 17.4
Dodging        | 3 4 5 |  5.0
Armour         | 3 5 6 8 9 |  9.9

Action                   |  1- 3 |  4- 6 |  7- 9 | 10-12 || total
-------------------------+-------+-------+-------+-------++-------
Melee: Mace              |    85 |   148 |   258 |       ||   491
       Headbutt          |     8 |    32 |    65 |    56 ||   161
       Great mace        |       |       |    11 |   279 ||   290
  Use: Scroll            |       |     2 |     9 |    11 ||    22
  Eat: Chunk             |     2 |     5 |     7 |    13 ||    27
       Ration            |       |       |     1 |       ||     1
Armor: Animal skin       |    17 |       |       |       ||    17
       Ring mail         |       |     4 |       |       ||     4
       Chain mail        |       |    69 |   129 |   139 ||   337
Dodge: Dodged            |    95 |    76 |   119 |   121 ||   411
